 Dungeon Crawl Stone Soup version 0.22-a0-93-g6b88ebb (webtiles) character file.

3635 4thArraOfDagon the Fighter (level 9, -2/75 HPs)
             Began as a Mummy Enchanter on Jan 23, 2018.
             Was an Initiate of Gozag.
             Slain by an orc warrior
             ... wielding a +0 short sword
              (17 damage)
             ... on level 9 of the Dungeon.
             The game lasted 00:28:45 (7324 turns).

4thArraOfDagon the Fighter (Mummy Enchanter)        Turns: 7324, Time: 00:28:46

Health: -2/75      AC:  7    Str: 19    XL:     9   Next: 87%
Magic:  10/18      EV: 15    Int: 17    God:    Gozag
Gold:   138        SH:  0    Dex: 13    Spells: 11/20 levels left

rFire    + . .     SeeInvis .   r - +4 quarterstaff (chaos)
rCold    + + .     Gourm    .   (shield currently unavailable)
rNeg     + + +     Faith    .   b - +1 robe
rPois    ∞         Spirit   .   (no helmet)
rElec    +         Reflect  .   s - +0 cloak
rCorr    +         Harm     .   p - +2 pair of gloves {Str+3}
MR       +....                  (no boots)
Stlth    ++........             (no amulet)
HPRegen  0.22/turn              q - ring of protection from fire
MPRegen  0.16/turn              (no ring)

@: mighty, resistant, gold aura, hasted, very quick
A: no food or potions, fire vulnerability, cold resistance 1, negative energy
resistance 3, torment resistance, unbreathing
a: Potion Petition, Call Merchant, Bribe Branch, Renounce Religion


You were on level 9 of the Dungeon.
You worshipped Gozag.
Gozag was aware of your devotion.
You were not hungry.

You visited 2 branches of the dungeon, and saw 10 of its levels.

You collected 943 gold pieces.
You paid 805 gold pieces to Gozag.

Inventory:

Hand Weapons
 a - a +1 dagger
 e - a +2 dagger of speed
 g - a +4 dagger of pain
 m - the +4 hunting sling of Patience {speed, rN+ Int+3}
   (You found it on level 5 of the Dungeon)

   Attacks with this weapon are significantly faster.
   It affects your intelligence (+3).
   It protects you from negative energy.
 r - a +4 quarterstaff of chaos (weapon)
Armour
 b - a +1 robe (worn)
 l - a +0 ring mail
 p - a +2 pair of gloves of strength (worn)
 s - a +0 cloak (worn)
 v - a +1 scale mail of fire resistance
Jewellery
 q - a ring of protection from fire (left hand)
Scrolls
 d - a scroll of enchant armour
 f - 4 scrolls of remove curse {unknown}
 h - a scroll of amnesia {unknown}
 i - 2 scrolls of immolation
 n - a scroll of fear {unknown}
 o - a scroll of noise
 t - a scroll of identify
Books
 c - a book of Maledictions

   Spells                             Type                      Level
   a - Corona                         Hexes                        1
   b - Ensorcelled Hibernation        Hexes/Ice                    2
   c - Confuse                        Hexes                        3
   d - Tukima's Dance                 Hexes                        3
   e - Dazzling Spray                 Conjuration/Hexes            3


   Skills:
 + Level 8.5 Fighting
 - Level 3.1 Short Blades
 + Level 5.4 Armour
 + Level 5.8 Dodging
 - Level 2.4 Stealth
 - Level 6.3 Spellcasting
 - Level 2.6 Hexes


You had 11 spell levels left.
You knew the following spells:

 Your Spells              Type           Power        Failure   Level  Hunger
a - Corona                Hex            ##.....      4%          1    N/A
b - Ensorcelled Hibernat  Hex/Ice        #.....       11%         2    N/A
c - Confuse               Hex            ##......     12%         3    N/A
d - Tukima's Dance        Hex            ##......     12%         3    N/A

Dungeon Overview and Level Annotations

Branches:
Dungeon (9/15)             Temple (1/1) D:7
   Lair: D:8-11         Orc: D:9-12

Altars:
Ashenzari
Cheibriados
Dithmenos
Elyvilon
Fedhas
Gozag
Hepliaklqana
Kikubaaqudgha
Makhleb
Nemelex Xobeh
Okawaru
Qazlal
Ru
Sif Muna
Trog
Uskayaw
Vehumet
Wu Jian
Xom
Yredelemnul
Zin
The Shining One


Innate Abilities, Weirdness & Mutations

You do not eat or drink.
Your flesh is vulnerable to fire.
You are immune to poison.
Your flesh is cold resistant. (rC+)
You are immune to negative energy. (rN+++)
You are immune to unholy pain and torment.
You can survive without breathing.


Message History

You barely miss the orc warrior.
The orc warrior is almost dead.
The orc warrior hits you with a short sword.
* * * LOW HITPOINT WARNING * * *
The phantom blinks!
Unknown command.
Unknown command.
You barely miss the orc warrior.
The orc warrior is almost dead.
The orc warrior misses you.
Unknown command.
You closely miss the orc warrior.
The orc warrior is almost dead.
The orc warrior misses you.
Unknown command.
You closely miss the orc warrior.
The orc warrior is almost dead.
The orc warrior hits you with a short sword!
You die...
Your body crumbles into a pile of gold.

+.......+ #..T....#
##'###### #.## #.Y##
#######+### ##o.##
#.........# ####.o########
#.........####.o.......ooo'
#......W..@ooo.###..######
#........)###### ##Y#
#.........# #.##
#.........# #..#
#.........# ##.#
########$## #Y# #(# #$# #.#
########.## ..# #<........#


You could see a phantom, an orc warrior and 3 orcs.

Vanquished Creatures
  Pikel (D:5)
  Sigmund (D:2)
  4 yaks (D:9)
  Menkaure (D:5)
  2 sky beasts
  The ghost of SpeedyPerson7 the Covered, an amateur DDFi (D:3)
  An ogre (D:8)
  A phantom (D:9)
  A necrophage (D:7)
  4 centaurs
  Blork the orc (D:5)
  3 bullfrogs (D:7)
  A scorpion (D:7)
  2 crimson imps
  2 jellies
  A bullfrog zombie (D:7)
  4 hounds
  Crazy Yiuf (D:4)
  An orc priest (D:4)
  2 centaur skeletons (D:7)
  7 iguanas
  6 orc wizards
  5 worker ants
  A hound skeleton (D:4)
  7 gnolls
  9 adders
  2 shadow imps
  An ooze (D:1)
  An adder zombie (D:6)
  2 adder skeletons
  2 worms
  5 dart slugs
  4 leopard geckos
  20 orcs
  6 giant cockroaches
  10 goblins
  4 hobgoblins
  16 jackals
  4 quokkas
  A ball python (D:3)
  2 bats (D:3)
  9 frilled lizards
  A giant cockroach zombie (D:5)
  7 kobolds
  2 quokka skeletons
  7 rats
176 creatures vanquished.

Vanquished Creatures (others)
  A dancing weapon (D:4)
1 creature vanquished.

Grand Total: 177 creatures vanquished

Notes
Turn   | Place    | Note
-------+----------+-------------------------------------------
     0 | D:1      | 4thArraOfDagon the Mummy Enchanter began the quest for the Orb.
     0 | D:1      | Reached XP level 1. HP: 13/13 MP: 4/4
    48 | D:1      | Thaneod: ded
    65 | D:1      | Reached skill level 1 in Short Blades
   148 | D:1      | Thaneod: jaki masz hp regen?
   170 | D:1      | 4thArraOfDagon: slabe :)
   347 | D:1      | Reached XP level 2. HP: 19/19 MP: 5/5
   418 | D:1      | Learned a level 2 spell: Ensorcelled Hibernation
   503 | D:1      | Thaneod: gozag czy mak?
   537 | D:1      | 4thArraOfDagon: idk
   551 | D:1      | 4thArraOfDagon: gozzy
   551 | D:1      | 4thArraOfDagon: I think
   569 | D:2      | Reached XP level 3. HP: 24/24 MP: 7/7
   605 | D:2      | Found a sparkling altar of Nemelex Xobeh.
   941 | D:2      | Found a radiant altar of Vehumet.
   944 | D:2      | Found an ornate altar of the Wu Jian Council.
  1350 | D:3      | Reached XP level 4. HP: 26/30 MP: 8/8
  1424 | D:3      | Reached skill level 1 in Fighting
  1527 | D:4      | Reached skill level 2 in Fighting
  1557 | D:4      | Reached XP level 5. HP: 39/39 MP: 6/9
  1634 | D:4      | Learned a level 3 spell: Confuse
  1700 | D:4      | Reached skill level 3 in Fighting
  1751 | D:4      | Reached skill level 4 in Fighting
  1776 | D:5      | Entered Level 5 of the Dungeon
  1811 | D:6      | Noticed an orc warrior
  2025 | D:7      | Found a staircase to the Ecumenical Temple.
  2035 | Temple   | Entered the Ecumenical Temple
  2042 | Temple   | Became a worshipper of Gozag Ym Sagoz the Greedy
  2067 | D:7      | Noticed a sky beast
  2121 | D:7      | Killed a sky beast
  2121 | D:7      | Reached skill level 5 in Fighting
  2121 | D:7      | Reached XP level 6. HP: 18/51 MP: 7/10
  2473 | D:5      | Got a translucent hunting sling
  2520 | D:5      | Identified the +4 hunting sling of Patience {speed, rN+ Int+3} (You found it on level 5 of the Dungeon)
  2722 | D:4      | Reached skill level 1 in Armour
  2964 | D:4      | Learned a level 3 spell: Tukima's Dance
  2986 | D:4      | Found a runed door.
  2990 | D:4      | Noticed Crazy Yiuf
  3000 | D:4      | Killed Crazy Yiuf
  3000 | D:4      | Reached XP level 7. HP: 51/56 MP: 6/11
  3157 | D:3      | Noticed SpeedyPerson7's ghost (amateur DDFi)
  3177 | D:3      | Killed SpeedyPerson7's ghost
  3664 | D:2      | Noticed Sigmund
  3687 | D:2      | Found a glowing golden altar of the Shining One.
  3895 | D:2      | Killed Sigmund
  4508 | D:4      | Reached skill level 6 in Fighting
  4649 | D:5      | Found a deep blue altar of Sif Muna.
  4649 | D:5      | Found a white marble altar of Elyvilon.
  4649 | D:5      | Found an ancient bone altar of Kikubaaqudgha.
  4650 | D:5      | Found a burning altar of Makhleb.
  4654 | D:5      | Found a bloodstained altar of Trog.
  4933 | D:5      | Noticed Blork the orc
  4941 | D:5      | Killed Blork the orc
  4941 | D:5      | Reached XP level 8. HP: 52/64 MP: 5/14
  5014 | D:5      | Noticed Menkaure
  5023 | D:5      | Killed Menkaure
  5230 | D:5      | Noticed Pikel
  5251 | D:5      | Killed Pikel
  5251 | D:5      | Reached skill level 5 in Spellcasting
  5509 | D:6      | Reached skill level 7 in Fighting
  5877 | D:7      | Reached XP level 9. HP: 58/72 MP: 18/18
  6164 | D:7      | Found a hazy altar of Hepliaklqana.
  6413 | D:7      | Thaneod: i didn't know that jellies sleep too
  6614 | D:8      | Reached skill level 5 in Dodging
  6967 | D:9      | Reached skill level 8 in Fighting
  6970 | D:9      | Reached skill level 5 in Armour
  7282 | D:9      | Noticed a troll
  7324 | D:9      | Slain by an orc warrior

Vault maps used:
D:1:      giann_bridges
D:2:      grunt_temple_overflow_open, nicolae_tso_carved_into_rock, uniq_sigmund
D:3:      first_ration
D:4:      uniq_crazy_yiuf_cottage
D:5:      mumra_celtic_spiral_tile, minitemple,
          hangedman_abyss_or_decor_stagger, roderic_lattice_a, uniq_menkaure,
          uniq_blork_the_orc, uniq_pikel
D:7:      kennysheep_little_box, minmay_temple_entry_hall
D:8:      minmay_weird_star, kennysheep_mini_moat
Temple:   nicolae_temple_no_exploring_needed

Skill      XL: |  1  2  3  4  5  6  7  8  9 |
---------------+----------------------------+-----
Short Blades   | 1 2 3 |  3.1
Fighting       | 2 5 6 7 8 |  8.5
Armour         | 1 2 3 5 |  5.4
Dodging        | 2 3 4 5 |  5.8
Spellcasting   | 4 6 |  6.3
Stealth        | |  2.4
Hexes          | |  2.6

Action                   |  1- 3 |  4- 6 |  7- 9 || total
-------------------------+-------+-------+-------++-------
Melee: Dagger            |   157 |   144 |    85 ||   386
       Quarterstaff      |       |       |   286 ||   286
Throw: Throwing net      |       |     2 |     3 ||     5
 Cast: Ensorcelled Hiber |       |    30 |    24 ||    54
       Corona            |       |     1 |     1 ||     2
       Tukima's Dance    |       |     1 |       ||     1
       Confuse           |       |       |     8 ||     8
Invok: Potion Petition   |       |       |     2 ||     2
Evoke: Wand              |       |       |     6 ||     6
  Use: Scroll            |     2 |     4 |     3 ||     9
 Stab: Sleeping          |       |    19 |    15 ||    34
       Distracted        |       |       |     1 ||     1
       Confused          |       |       |     2 ||     2
Armor: Robe              |    15 |    17 |   110 ||   142
       Ring mail         |       |     2 |       ||     2
       Scale mail        |       |       |    22 ||    22
Dodge: Dodged            |    84 |    73 |   211 ||   368

Table legend:
 A = Spawn XP
 B = Non-spawn XP
 C = Spawn XP percentage of total XP
 D = Spawn monster count
 E = Non-spawn monster count
 F = Spawn count percentage of total count
 G = Total turns spent on level
                    A         B        C        D         E        F      G
               +---------+---------+-------+---------+---------+-------+---------
         Total |       0 |    5194 |   0.0 |       0 |     176 |   0.0 |  7324
               +---------+---------+-------+---------+---------+-------+---------
           D:1 |       0 |      64 |   0.0 |       0 |      25 |   0.0 |  1080
           D:2 |       0 |     343 |   0.0 |       0 |      30 |   0.0 |   842
           D:3 |       0 |     251 |   0.0 |       0 |      28 |   0.0 |   740
           D:4 |       0 |     453 |   0.0 |       0 |      22 |   0.0 |  1191
           D:5 |       0 |    1213 |   0.0 |       0 |      18 |   0.0 |  1013
           D:6 |       0 |     105 |   0.0 |       0 |       8 |   0.0 |   618
           D:7 |       0 |    1315 |   0.0 |       0 |      27 |   0.0 |  1084
           D:8 |       0 |     264 |   0.0 |       0 |       8 |   0.0 |   160
           D:9 |       0 |    1186 |   0.0 |       0 |      10 |   0.0 |   581
               +---------+---------+-------+---------+---------+-------+---------
